[Event "Titled Tuesday Blitz January 18 2022"]
[White "Moskalenko, Alexander"]
[Black "Petrovskyi, Vadym"]
[WhiteFideId "4155351"]
[BlackFideId "14165210"]
[WhiteElo "2515"]
[BlackElo "2424"]
[Result "0-1"]
[Round "10"]
[TimeControl "180+1"]
[Date "2022.01.18"]
[WhiteClock "0:00:03"]
[BlackClock "0:00:08"]

1. e4 c5 2. Nf3 d6 3. d4 cxd4 4. Nxd4 Nf6 5. Nc3 a6 6. Bc4 e6 7. Bb3 Nbd7 8. Bg5 Nc5 9. O-O Be7 10. Re1 O-O 11. Qd2 Nxb3 12. axb3 Qc7 13. Rad1 b6 14. f4 Bb7 15. f5 e5 16. Nf3 Rac8 17. Re2 b5 18. Bxf6 Bxf6 19. Nd5 Bxd5 20. Qxd5 Qb6+ 21. Kf1 Rfd8 22. b4 Rc4 23. c3 h6 24. g4 a5 25. bxa5 Qxa5 26. h4 Rc5 27. Qb7 Qa4 28. Rdd2 b4 29. cxb4 Rb5 30. Qc7 Qxb4 31. g5 Rc5 32. Qa7 Ra5 33. Qe3 hxg5 34. hxg5 Be7 35. Kg2 Qb7 36. b4 Rb5 37. g6 Rxb4 38. gxf7+ Kxf7 39. Rd5 Qb6 40. Ng5+ Kg8 41. Qxb6 Rxb6 42. Ne6 Rc8 43. Kh2 Rc4 44. Rg2 Bf6 45. Nxg7 Bxg7 46. f6 Rxe4 47. Rxg7+ Kf8 48. Ra5 Rb2+ 49. Kg3 Rb3+ 50. Kf2 Rf4+ 51. Ke2 Rxf6 52. Rc7 Rb2+ 53. Ke3 Rb8 54. Raa7 Rh6 55. Rd7 Kg8 56. Ke4 Kh8 57. Kd5 Re8 58. Rxd6 Rxd6+ 59. Kxd6 e4 60. Ra2 Kg7 61. Kd5 Kg6 62. Rf2 Kg5 63. Kd4 e3 64. Rg2+ Kf4 65. Rg8 Rxg8 66. Kc4 Kf3 0-1


[Site "https://www.chess.com"]

[Event "Titled Tuesday Blitz January 18 2022"]
[White "Musovic, Armin"]
[Black "Kalashian, David"]
[WhiteFideId "939935"]
[BlackFideId "13302418"]
[WhiteElo "2250"]
[BlackElo "2490"]
[Result "0-1"]
[Round "10"]
[TimeControl "180+1"]
[Date "2022.01.18"]
[WhiteClock "0:00:05"]
[BlackClock "0:00:49"]

1. a3 Nf6 2. Nc3 d5 3. d3 e5 4. Bg5 Be7 5. e4 d4 6. Nce2 c5 7. h3 Nc6 8. Bh4 Qa5+ 9. c3 dxc3 10. bxc3 Nxe4 11. Bxe7 Nxc3 12. Qd2 Nxe2 13. Qxa5 Nxa5 14. Bxc5 Nxg1 15. Rb1 b6 16. Be3 Nxh3 17. gxh3 O-O 18. Rg1 Bf5 19. Rb5 Rfe8 20. Bg2 Rad8 21. Be4 Bxe4 22. dxe4 Re6 23. Ke2 Nc4 24. Bg5 f6 25. Bc1 Rc6 26. a4 Nd6 27. Rd5 Nb7 28. Bh6 Rc7 29. Be3 Rxd5 30. exd5 Kf7 31. f4 Re7 32. Kf3 e4+ 33. Ke2 Rc7 34. Kd2 Nd6 35. Ra1 f5 36. Bd4 g6 37. Be5 Rc5 38. Ke2 Rxd5 39. a5 Nc4 40. axb6 axb6 41. Ra7+ Ke6 42. Bh8 Rd2+ 43. Ke1 Rh2 44. Rxh7 e3 45. Rc7 b5 46. Rc6+ Kd5 47. Rxg6 Ke4 48. Rg8 Kf3 49. Kd1 e2+ 0-1


[Site "https://www.chess.com"]

[Event "Titled Tuesday Blitz January 18 2022"]
[White "Nesterov, Arseniy"]
[Black "Mitusov, Semen"]
[WhiteFideId "24198455"]
[BlackFideId "14151049"]
[WhiteElo "2489"]
[BlackElo "2246"]
[Result "1-0"]
[Round "10"]
[TimeControl "180+1"]
[Date "2022.01.18"]
[WhiteClock "0:00:03"]
[BlackClock "0:00:01"]

1. d4 d5 2. c4 dxc4 3. Nc3 Nf6 4. e3 e6 5. Bxc4 a6 6. a4 c5 7. Nf3 Be7 8. O-O O-O 9. Qe2 cxd4 10. exd4 Nc6 11. Rd1 Nb4 12. Bf4 b6 13. Ne5 Bb7 14. Rac1 Rc8 15. Bb3 Nbd5 16. Bg3 Nxc3 17. bxc3 Ne4 18. Rd3 Nxg3 19. Rxg3 Bf6 20. Nxf7 Rxf7 21. Qxe6 Qe7 22. Qxb6 Kh8 23. Bxf7 Qxf7 24. Qb2 h6 25. h3 Rf8 26. Rf1 Bd5 27. Re3 Bg5 28. Re5 Bc4 29. Rfe1 Bh4 30. f3 Bxe1 31. Rxe1 Re8 32. Qd2 Qd7 33. Re4 Qxa4 34. Kh2 Bd5 35. Re5 Qd7 36. Qe2 Rxe5 37. dxe5 a5 38. f4 a4 39. c4 Be6 40. g4 a3 41. f5 Bf7 42. e6 Qd6+ 43. Kg2 Be8 44. Qc2 Bc6+ 45. Kf1 Qf4+ 46. Ke1 Qe4+ 47. Kd2 Qg2+ 48. Kc3 Qxh3+ 49. Kb4 Qxg4 50. Kxa3 Be4 51. Qd2 Qxf5 52. Qd8+ Kh7 53. e7 Qc5+ 54. Kb3 Qe3+ 55. Kb4 Qe1+ 56. Kc5 Bg6 57. Kd6 h5 58. c5 h4 59. c6 h3 60. c7 Qb4+ 61. Ke6 Qg4+ 62. Kd6 Qd1+ 63. Kc5 Qc2+ 64. Kd6 Qd3+ 65. Kc5 Qc3+ 66. Kd6 Qa3+ 67. Ke5 Qe3+ 68. Kd6 Qd4+ 69. Kc6 Qc4+ 70. Kb6 Qb4+ 71. Kc6 Qa4+ 72. Kc5 Qa3+ 73. Kd4 Qb4+ 74. Ke5 Qc3+ 75. Kf4 Qf6+ 76. Kg3 h2 77. c8=Q Qe5+ 78. Kf2 Qf4+ 79. Ke2 1-0


[Site "https://www.chess.com"]

[Event "Titled Tuesday Blitz January 18 2022"]
[White "Nguyen Hong Nhung"]
[Black "Sargsyan, Anna M."]
[WhiteFideId "12412201"]
[BlackFideId "13308130"]
[WhiteElo "1661"]
[BlackElo "2271"]
[Result "0-1"]
[Round "10"]
[TimeControl "180+1"]
[Date "2022.01.18"]
[WhiteClock "0:00:09"]
[BlackClock "0:01:03"]

1. e4 c6 2. d4 d5 3. f3 dxe4 4. fxe4 e5 5. Nf3 Bg4 6. Bc4 Nd7 7. O-O Ngf6 8. c3 Bd6 9. Bg5 O-O 10. Na3 Qc7 11. h3 Bh5 12. Nc2 Nxe4 13. Bh4 Rae8 14. Qe1 exd4 15. cxd4 Ng3 16. Qf2 Nxf1 17. Rxf1 b5 18. Bb3 a5 19. a3 c5 20. Kh1 c4 21. Ba2 Nb6 22. Ne3 Bg6 23. Bb1 Qd7 24. Ng4 Bxb1 25. Rxb1 f6 26. Rf1 Nd5 27. Bg3 Bxg3 28. Qxg3 Kh8 29. Qh4 Ne3 30. Nxe3 Rxe3 31. Ne5 Qe8 32. Ng4 Re4 33. Qf2 Qd8 34. Rd1 Rfe8 35. d5 Qd6 36. Kg1 b4 37. axb4 axb4 38. Qc2 h5 39. Nf2 Re1+ 40. Rxe1 Rxe1# 0-1


[Site "https://www.chess.com"]

[Event "Titled Tuesday Blitz January 18 2022"]
[White "Nilsen, Tobias Lang"]
[Black "Ianov, Viktor"]
[WhiteFideId "1521624"]
[BlackFideId "14102730"]
[WhiteElo "2013"]
[BlackElo "2215"]
[Result "1-0"]
[Round "10"]
[TimeControl "180+1"]
[Date "2022.01.18"]
[WhiteClock "0:01:15"]
[BlackClock "0:01:09"]

1. d4 d6 2. Nf3 g6 3. c4 Bg7 4. Nc3 Bg4 5. e3 c5 6. Be2 cxd4 7. exd4 Nc6 8. Be3 Nh6 9. h3 Bxf3 10. Bxf3 Nf5 11. Ne2 O-O 12. O-O Rc8 13. Rc1 a6 14. Qd3 Qa5 15. a3 Rfd8 16. Bd2 Qc7 17. Bc3 e5 18. Rfd1 exd4 19. Bd2 Ne5 20. Qe4 Rd7 21. Bf4 d3 22. Nc3 Qxc4 23. Nd5 Nxf3+ 24. Qxf3 Nd4 25. Qxd3 Ne2+ 26. Qxe2 Qxe2 27. Rxc8+ Bf8 28. Bh6 Qxd1+ 29. Kh2 1-0


[Site "https://www.chess.com"]

[Event "Titled Tuesday Blitz January 18 2022"]
[White "Novikov, Evgenij"]
[Black "Kosteniuk, Alexandra"]
[WhiteFideId "4125380"]
[BlackFideId "4128125"]
[WhiteElo "2242"]
[BlackElo "2469"]
[Result "0-1"]
[Round "10"]
[TimeControl "180+1"]
[Date "2022.01.18"]
[WhiteClock "0:00:05"]
[BlackClock "0:00:17"]

1. e4 c6 2. d4 d5 3. exd5 cxd5 4. Bd3 Nc6 5. c3 Nf6 6. h3 g6 7. Bf4 Bf5 8. Nf3 Bg7 9. O-O Bxd3 10. Qxd3 O-O 11. Nbd2 Qb6 12. b4 Rac8 13. Rfe1 Rfe8 14. a4 Nd7 15. a5 Qd8 16. Ne5 Ncxe5 17. dxe5 Nf8 18. Nf3 Ne6 19. Bd2 Rc4 20. Nd4 Qd7 21. f4 Rec8 22. Ra3 Nxd4 23. cxd4 Qf5 24. Qxf5 gxf5 25. Rd3 e6 26. g4 fxg4 27. hxg4 Bf8 28. Rb1 Rc2 29. Kf1 R8c4 30. Ke2 Rxb4 31. Rf1 Rbb2 32. Ke3 b6 33. axb6 axb6 34. Rh1 b5 35. f5 b4 36. f6 h6 37. Bc1 Rb1 38. Rdd1 b3 39. Kd3 Rc4 40. Be3 Rxd1+ 41. Rxd1 b2 42. Rb1 Ba3 43. Bd2 Kh7 44. Bc3 Kg6 45. Bxb2 Rb4 46. Kc3 Rxb2 47. Rxb2 Bxb2+ 48. Kxb2 Kg5 49. Kc3 Kxg4 50. Kb4 h5 51. Kc5 Kf5 52. Kd6 Kg6 0-1


[Site "https://www.chess.com"]

[Event "Titled Tuesday Blitz January 18 2022"]
[White "Omelja, Artem"]
[Black "Tania, Sachdev"]
[WhiteFideId "14119846"]
[BlackFideId "5007844"]
[WhiteElo "2418"]
[BlackElo "2280"]
[Result "0-1"]
[Round "10"]
[TimeControl "180+1"]
[Date "2022.01.18"]
[WhiteClock "0:00:03"]
[BlackClock "0:00:42"]

1. d4 Nf6 2. c4 e6 3. Nf3 b6 4. a3 Bb7 5. Nc3 d5 6. cxd5 Nxd5 7. Qc2 Be7 8. e4 Nxc3 9. bxc3 O-O 10. Bd3 c5 11. O-O Ba6 12. Bxa6 Nxa6 13. Bf4 Qc8 14. Qa4 Rd8 15. Rfd1 Nc7 16. Rac1 Qb7 17. Bxc7 Qxc7 18. d5 exd5 19. exd5 Bd6 20. Qg4 b5 21. c4 a6 22. h3 Qd7 23. Qe4 Re8 24. Qd3 Rab8 25. Rb1 b4 26. axb4 cxb4 27. Ng5 g6 28. Ne4 Be5 29. c5 a5 30. Qc4 Qf5 31. f3 Qf4 32. d6 Qe3+ 33. Kf1 b3 34. Rd3 Qf4 35. Rdxb3 Rbd8 36. Rb7 Rf8 37. Rd1 Qh2 38. Kf2 h5 39. c6 Bxd6 40. Nxd6 Rxd6 41. Rc1 Rd2+ 42. Ke3 Qxg2 43. c7 Qf2+ 44. Ke4 Re8+ 45. Kf4 Qh4# 0-1


[Site "https://www.chess.com"]

[Event "Titled Tuesday Blitz January 18 2022"]
[White "Padmini, Rout"]
[Black "Ljukin, Sergei"]
[WhiteFideId "5029295"]
[BlackFideId "14102200"]
[WhiteElo "2181"]
[BlackElo "2312"]
[Result "1-0"]
[Round "10"]
[TimeControl "180+1"]
[Date "2022.01.18"]
[WhiteClock "0:00:07"]
[BlackClock "0:00:05"]

1. c4 c6 2. Nc3 d5 3. cxd5 cxd5 4. d4 Nf6 5. Nf3 Nc6 6. Bf4 Bf5 7. e3 e6 8. Bd3 Bxd3 9. Qxd3 Be7 10. O-O O-O 11. Rac1 Rc8 12. a3 Na5 13. Nd2 Qd7 14. h3 a6 15. Rc2 Nc4 16. Rfc1 b5 17. Ne2 h6 18. Nb1 Ne4 19. f3 Ned6 20. b3 Nb6 21. Rc5 Nf5 22. Rc7 Rxc7 23. Rxc7 Qd8 24. Rc6 Bd6 25. Bxd6 Nxd6 26. Qc3 Qb8 27. Qc5 Ndc8 28. Rc7 Rd8 29. Nd2 Nd6 30. Rc6 Ndc8 31. Nf4 Rd6 32. Rc7 Rd7 33. Rc6 Rd6 34. Nd3 Rxc6 35. Qxc6 Qd6 36. Qe8+ Qf8 37. Qc6 Qxa3 38. Ne5 Qe7 39. Nd3 Qd6 40. Qb7 a5 41. Nc5 a4 42. bxa4 bxa4 43. Qa6 Qc6 44. f4 Nd6 45. Nf3 Ndc4 46. Ne5 a3 47. Nxc6 a2 48. Qxa2 1-0


[Site "https://www.chess.com"]

[Event "Titled Tuesday Blitz January 18 2022"]
[White "Pakleza, Zbigniew"]
[Black "Brodowski, Piotr"]
[WhiteFideId "1119290"]
[BlackFideId "1124480"]
[WhiteElo "2467"]
[BlackElo "2422"]
[Result "1-0"]
[Round "10"]
[TimeControl "180+1"]
[Date "2022.01.18"]
[WhiteClock "0:00:03"]
[BlackClock "0:00:02"]

1. d4 c5 2. c3 Qa5 3. Nd2 cxd4 4. cxd4 d5 5. Nf3 Nf6 6. e3 Nc6 7. Bd3 Bg4 8. O-O e6 9. h3 Bh5 10. Nb3 Qc7 11. Bd2 Bd6 12. Rc1 O-O 13. Nc5 Rac8 14. b4 b6 15. Nb3 Qe7 16. a3 e5 17. dxe5 Nxe5 18. Be2 Nc4 19. Nbd4 Bg6 20. Qb3 Be4 21. Rfd1 a6 22. Be1 b5 23. Bd3 Bb8 24. Be2 Rfd8 25. a4 bxa4 26. Qa2 a3 27. Rc3 Bxf3 28. Nxf3 Ne4 29. Rcc1 Nb2 30. Rxc8 Rxc8 31. Rxd5 Nc3 32. Bxc3 Rxc3 33. Rd2 h6 34. Qd5 Rc1+ 35. Bf1 Qc7 36. g3 Nc4 37. Ra2 Nxe3 38. fxe3 Qxg3+ 39. Rg2 Qc7 40. Nd4 Qe7 41. Nf5 1-0


[Site "https://www.chess.com"]

[Event "Titled Tuesday Blitz January 18 2022"]
[White "Papasimakopoulos, Alexandros"]
[Black "Gontcharov, Vladislav"]
[WhiteFideId "4244125"]
[BlackFideId "4123492"]
[WhiteElo "2340"]
[BlackElo "2503"]
[Result "1/2-1/2"]
[Round "10"]
[TimeControl "180+1"]
[Date "2022.01.18"]
[WhiteClock "0:00:05"]
[BlackClock "0:00:04"]

1. d4 Nf6 2. c4 c5 3. d5 e6 4. Nc3 exd5 5. cxd5 d6 6. Nf3 g6 7. Bf4 a6 8. a4 Bg7 9. h3 O-O 10. e3 Ne8 11. Nd2 Nd7 12. Be2 Qe7 13. O-O f5 14. Nc4 Ne5 15. Nb6 Rb8 16. a5 Bd7 17. Qc2 Nc7 18. Nxd7 Qxd7 19. Rab1 Rbc8 20. Na4 Qe7 21. Nb6 Rce8 22. b4 cxb4 23. Rfc1 Nb5 24. Bxb5 axb5 25. Rxb4 g5 26. Bxe5 Bxe5 27. Qc7 f4 28. Qxe7 Rxe7 29. e4 f3 30. g3 h5 31. Rxb5 h4 32. g4 Rf4 33. Rc4 Bg7 34. Rbb4 Bf8 35. Kf1 Rff7 36. Ke1 Bg7 37. Kd2 Be5 38. Rb1 Rf4 39. Kd3 Rf8 40. Rc8 Rxc8 41. Nxc8 Rc7 42. Nb6 Rc3+ 43. Kd2 Ra3 44. Nc4 Bf4+ 45. Kc2 Ra2+ 46. Rb2 Ra1 47. e5 Bxe5 48. Rxb7 Bd4 49. Nd2 Bxf2 50. Nxf3 Be3 51. Kd3 Bf4 52. Nd4 Rxa5 53. Ke4 Ra4 54. Rb3 Kf7 55. Kd3 Kf6 56. Nf3 Ra6 57. Rc3 Ra2 58. Rc8 Rg2 59. Rf8+ Ke7 60. Rf5 Rg3 61. Ke4 Rxh3 62. Nxg5 Bxg5 63. Rxg5 Rg3 64. Kf4 Rg1 65. Rg7+ Ke8 66. Rh7 Rd1 67. Ke4 Re1+ 68. Kf5 Re5+ 69. Kf6 Rxd5 70. g5 Rd1 71. g6 Rf1+ 72. Ke6 Kf8 73. Rxh4 Kg7 74. Rg4 Rf6+ 75. Kd5 Rxg6 76. Rxg6+ Kxg6 77. Kxd6 1/2-1/2


[Site "https://www.chess.com"]

[Event "Titled Tuesday Blitz January 18 2022"]
[White "Papp, Petra"]
[Black "Panesar Vedant"]
[WhiteFideId "739049"]
[BlackFideId "35033018"]
[WhiteElo "2259"]
[BlackElo "1971"]
[Result "0-1"]
[Round "10"]
[TimeControl "180+1"]
[Date "2022.01.18"]
[WhiteClock "0:00:22"]
[BlackClock "0:00:19"]

1. d4 Nf6 2. c4 g6 3. Nc3 d5 4. Nf3 Bg7 5. cxd5 Nxd5 6. Qa4+ Bd7 7. Qa3 Bc6 8. Bg5 Nd7 9. e3 Nxc3 10. bxc3 Nf6 11. Ne5 Qd6 12. Qxd6 cxd6 13. Nxc6 bxc6 14. Bd3 Kd7 15. Rb1 Rab8 16. Kd2 Kc7 17. Rxb8 Rxb8 18. Rb1 Rxb1 19. Bxb1 e6 20. f3 Nd7 21. c4 c5 22. Kc3 Nb8 23. Bh4 Nc6 24. Bf2 f5 25. h4 f4 26. exf4 Bxd4+ 27. Bxd4 Nxd4 28. Kd2 Nf5 29. h5 gxh5 30. g4 hxg4 31. fxg4 Nh6 32. g5 Nf5 33. Ke2 Kc6 34. Kf3 d5 35. Bd3 dxc4 36. Bxc4 Kd6 37. Kg4 Ne3+ 0-1


[Site "https://www.chess.com"]

[Event "Titled Tuesday Blitz January 18 2022"]
[White "Pichot, Alan"]
[Black "Nyzhnyk, Illya"]
[WhiteFideId "110973"]
[BlackFideId "14118084"]
[WhiteElo "2543"]
[BlackElo "2694"]
[Result "1/2-1/2"]
[Round "10"]
[TimeControl "180+1"]
[Date "2022.01.18"]
[WhiteClock "0:00:18"]
[BlackClock "0:01:10"]

1. e4 c6 2. d4 d5 3. e5 Bf5 4. h4 h5 5. Bd3 Bxd3 6. Qxd3 Qa5+ 7. b4 Qa6 8. Qf3 e6 9. c3 Ne7 10. Ne2 Nd7 11. a4 Nf5 12. Ng3 Nxg3 13. Qxg3 g6 14. Bg5 b6 15. Nd2 Rc8 16. Qf3 Be7 17. Bxe7 Kxe7 18. Qe2 Qxe2+ 19. Kxe2 c5 20. b5 cxd4 21. cxd4 Rc3 22. Rhc1 Rhc8 23. Rxc3 Rxc3 24. a5 Rc7 25. Kd3 bxa5 26. Rxa5 Nb6 27. Ra1 Rb7 28. Nb3 Nc4 29. Nc5 Rxb5 30. Rxa7+ Kf8 31. f3 Rb2 32. g4 hxg4 33. fxg4 Rh2 34. Ra8+ Kg7 35. Ra7 Kg8 36. Ra8+ Kg7 37. Ra7 Kg8 38. Ra8+ Kg7 1/2-1/2


[Site "https://www.chess.com"]

[Event "Titled Tuesday Blitz January 18 2022"]
[White "Piesik, Piotr"]
[Black "Goryachkina, Aleksandra"]
[WhiteFideId "1136194"]
[BlackFideId "4147103"]
[WhiteElo "2232"]
[BlackElo "2426"]
[Result "1-0"]
[Round "10"]
[TimeControl "180+1"]
[Date "2022.01.18"]
[WhiteClock "0:01:41"]
[BlackClock "0:00:03"]

1. Nf3 d5 2. g3 Nc6 3. Bg2 e5 4. d3 Be6 5. O-O f6 6. Nbd2 Qd7 7. e4 d4 8. Nh4 g5 9. Nf5 Nge7 10. f4 gxf4 11. gxf4 O-O-O 12. Nxe7+ Bxe7 13. f5 Bf7 14. Kh1 h5 15. Bf3 h4 16. a3 Bf8 17. Rg1 Bh6 18. Nf1 Bxc1 19. Qxc1 Rdg8 20. Rxg8+ Bxg8 21. Qd2 Qg7 22. Qf2 Bf7 23. Nd2 Qh6 24. Rg1 Rg8 25. Rxg8+ Bxg8 26. Qe1 Bf7 27. Nf1 Qf4 28. Bg2 Bh5 29. h3 Nd8 30. Qd2 Nf7 31. Qxf4 exf4 32. Nd2 Ne5 33. Bf1 c5 34. Kg2 Bd1 35. c3 Bc2 36. cxd4 cxd4 37. Nf3 Nxd3 38. Nxd4 Bb1 39. Bxd3 Bxd3 40. Kf3 Bf1 41. Kxf4 Bxh3 42. Nf3 Kd8 43. Nxh4 Ke7 44. e5 fxe5+ 45. Kxe5 Bf1 46. Ng6+ Kf7 47. Nf4 Bc4 48. Ne6 Ke7 49. Nc5 b6 50. Ne4 Bd3 51. Nd6 Bb1 52. Nc8+ 1-0


[Site "https://www.chess.com"]

[Event "Titled Tuesday Blitz January 18 2022"]
[White "Plotkin, Mark"]
[Black "Piorun, Kacper"]
[WhiteFideId "2611651"]
[BlackFideId "1130420"]
[WhiteElo "2178"]
[BlackElo "2571"]
[Result "1-0"]
[Round "10"]
[TimeControl "180+1"]
[Date "2022.01.18"]
[WhiteClock "0:00:36"]
[BlackClock "0:00:07"]

1. c4 Nf6 2. Nc3 g6 3. e4 d6 4. g3 Bg7 5. Bg2 O-O 6. Nge2 e5 7. d3 Nc6 8. h3 Nh5 9. g4 Nf6 10. Ng3 Nd4 11. Be3 a6 12. a4 c6 13. Nce2 Nd7 14. Nxd4 exd4 15. Bd2 Nc5 16. Qc2 a5 17. O-O Qh4 18. Rae1 h5 19. gxh5 Bxh3 20. Ne2 Qg4 21. Ng3 Be5 22. Bxh3 Qxh3 23. Re2 Ne6 24. f4 Qxg3+ 25. Rg2 Qh4 26. fxe5 Qxh5 27. exd6 Kg7 28. Qd1 Qh3 29. Rf3 Qh4 30. Qf1 Rh8 31. Rxf7+ Kg8 32. Rxg6+ 1-0


[Site "https://www.chess.com"]

[Event "Titled Tuesday Blitz January 18 2022"]
[White "Przybylski, Wojciech"]
[Black "Aaditya Dhingra"]
[WhiteFideId "1117599"]
[BlackFideId "25678191"]
[WhiteElo "2133"]
[BlackElo "1789"]
[Result "0-1"]
[Round "10"]
[TimeControl "180+1"]
[Date "2022.01.18"]
[WhiteClock "0:00:01"]
[BlackClock "0:00:03"]

1. e4 e5 2. Nf3 Nc6 3. Bb5 a6 4. Ba4 Nf6 5. O-O Be7 6. Re1 b5 7. Bb3 d6 8. c3 O-O 9. h3 Nb8 10. a4 Bb7 11. d3 Nbd7 12. a5 c5 13. Nbd2 h6 14. d4 Re8 15. d5 c4 16. Bc2 Bf8 17. b3 cxb3 18. Bxb3 Nc5 19. Bc2 Rc8 20. Ba3 g6 21. Bb4 h5 22. Nf1 Bh6 23. Ng3 Nfd7 24. Qe2 Bf4 25. c4 bxc4 26. Qxc4 Nf6 27. Qe2 Nh7 28. Reb1 Re7 29. Bd2 Qf8 30. Rb6 Rec7 31. Bd1 Nd7 32. Rb2 Qh6 33. Bb4 h4 34. Nf1 g5 35. Ne3 Bxe3 36. Qxe3 f5 37. exf5 Bxd5 38. Bb3 Bxb3 39. Qxb3+ Kf8 40. Qe6 Qxe6 41. fxe6 Nc5 42. Rc2 Ke7 43. Bd2 Ne4 44. Rxc7+ Rxc7 45. Be3 Kxe6 46. Rb1 Rg7 47. Rb6 Nhf6 48. Rxa6 g4 49. hxg4 Nxg4 50. Rb6 h3 51. Ne1 h2+ 52. Kf1 h1=Q+ 53. Ke2 Nxe3 54. fxe3 Rxg2+ 55. Nxg2 Qxg2+ 56. Kd3 Kf5 57. Kc4 Qc2+ 58. Kb5 Qb3+ 59. Kc6 Qc4+ 60. Kd7 Nf6+ 61. Kxd6 Qd5+ 62. Kc7 Ne8+ 63. Kc8 Qxa5 64. e4+ Kxe4 0-1


[Site "https://www.chess.com"]

[Event "Titled Tuesday Blitz January 18 2022"]
[White "Punin, Andrii"]
[Black "Hirneise, Jens"]
[WhiteFideId "14112639"]
[BlackFideId "24614734"]
[WhiteElo "2357"]
[BlackElo "2323"]
[Result "1-0"]
[Round "10"]
[TimeControl "180+1"]
[Date "2022.01.18"]
[WhiteClock "0:00:39"]
[BlackClock "0:00:02"]

1. e4 e5 2. Nf3 Nf6 3. Nc3 Nc6 4. d4 exd4 5. Nxd4 Bb4 6. Nxc6 dxc6 7. Qxd8+ Kxd8 8. Bd2 Re8 9. f3 Be6 10. O-O-O Kc8 11. a3 Be7 12. Ne2 c5 13. Nf4 Bd6 14. Nxe6 Rxe6 15. Bc4 Re7 16. Bc3 a6 17. g3 b5 18. Bd5 Nxd5 19. Rxd5 f6 20. g4 Kb7 21. h4 Rf8 22. h5 Kc6 23. Kd1 h6 24. Ke2 Be5 25. Bxe5 Rxe5 26. Rxe5 fxe5 27. Rd1 Re8 28. Ke3 Re7 29. f4 exf4+ 30. Kxf4 a5 31. e5 Rf7+ 32. Ke3 a4 33. Rd2 b4 34. Ke4 bxa3 35. bxa3 Kb5 36. e6 Re7 37. Kf5 Kc6 38. c4 Re8 39. Rd7 Rf8+ 40. Ke5 Rg8 41. Rf7 g6 42. hxg6 Rxg6 43. Rf8 Rxg4 44. e7 Rg1 45. e8=Q+ 1-0


[Site "https://www.chess.com"]

[Event "Titled Tuesday Blitz January 18 2022"]
[White "Remizov, Yaroslav"]
[Black "Turzo, Attila"]
[WhiteFideId "34134015"]
[BlackFideId "704954"]
[WhiteElo "2360"]
[BlackElo "2530"]
[Result "1/2-1/2"]
[Round "10"]
[TimeControl "180+1"]
[Date "2022.01.18"]
[WhiteClock "0:00:06"]
[BlackClock "0:00:04"]

1. b3 d5 2. e3 c6 3. a3 Bf5 4. d3 Nf6 5. Ra2 e5 6. c3 Nbd7 7. f3 Bd6 8. g4 Be6 9. Rg2 Ng8 10. h4 Ne7 11. Nh3 f6 12. Be2 Qc7 13. f4 O-O-O 14. O-O Kb8 15. d4 Rhe8 16. c4 exd4 17. exd4 c5 18. Nc3 dxc4 19. f5 Bd5 20. Nxd5 Nxd5 21. Bxc4 N7b6 22. Qf3 Nxc4 23. bxc4 Nb6 24. Rc2 Ka8 25. Nf4 Bxf4 26. Bxf4 Qc8 27. d5 Qd7 28. Rb1 Qa4 29. Qd3 Rd7 30. Rb5 Rde7 31. Bd2 Re2 32. Ra5 Qd7 33. Qc3 R2e4 34. Qf3 Rxc4 35. Rb2 Qc7 36. Be3 Rc3 37. d6 Qc6 38. Qxc6 bxc6 39. Rxb6 Rcxe3 40. Rxc6 Re1+ 41. Kf2 R1e2+ 42. Kf3 R8e3+ 43. Kf4 Re4+ 44. Kf3 R4e3+ 45. Kf4 Re4+ 46. Kf3 R4e3+ 1/2-1/2


[Site "https://www.chess.com"]

[Event "Titled Tuesday Blitz January 18 2022"]
[White "Renjith, Sravan"]
[Black "Koelle, Tobias"]
[WhiteFideId "4306783"]
[BlackFideId "16207378"]
[WhiteElo "1863"]
[BlackElo "2541"]
[Result "0-1"]
[Round "10"]
[TimeControl "180+1"]
[Date "2022.01.18"]
[WhiteClock "0:00:48"]
[BlackClock "0:01:00"]

1. Nf3 c5 2. c4 g6 3. Nc3 Bg7 4. g3 Nc6 5. Bg2 a6 6. O-O Rb8 7. e3 b5 8. cxb5 axb5 9. d4 b4 10. Ne2 cxd4 11. exd4 Nf6 12. d5 Na5 13. Bf4 d6 14. Nfd4 O-O 15. Nc6 Nxc6 16. dxc6 e5 17. Rc1 Qc7 18. Bg5 Be6 19. Bxf6 Bxf6 20. Bd5 Bh3 21. Re1 Rb5 22. Qd3 Ra5 23. a3 bxa3 24. b4 Ra4 25. Qb3 Ra7 26. b5 Qb6 27. Nc3 Bg5 28. Rcd1 Bg4 29. Ra1 Bd2 30. Reb1 Qd4 31. Ne4 Kg7 32. b6 Ra5 33. Nxd2 Qxd2 34. Bg2 a2 35. Rb2 Qd4 36. b7 Rc5 37. b8=Q Rxb8 38. Qxb8 Rc2 39. Rbxa2 Qxf2+ 0-1


[Site "https://www.chess.com"]

[Event "Titled Tuesday Blitz January 18 2022"]
[White "Romanchuk, Viktor"]
[Black "Rodchenkov, Sergey D."]
[WhiteFideId "14109271"]
[BlackFideId "4168712"]
[WhiteElo "2242"]
[BlackElo "2306"]
[Result "1-0"]
[Round "10"]
[TimeControl "180+1"]
[Date "2022.01.18"]
[WhiteClock "0:00:13"]
[BlackClock "0:00:09"]

1. d4 d5 2. c4 dxc4 3. e3 Nf6 4. Bxc4 e6 5. Nf3 c5 6. O-O a6 7. dxc5 Bxc5 8. Qxd8+ Kxd8 9. Ne5 Ke7 10. Be2 Nbd7 11. Nc4 Nb6 12. Na5 Nbd5 13. Nd2 b6 14. Ndb3 Bd6 15. Nc4 Bc7 16. f3 Rb8 17. e4 Nf4 18. Re1 Bd7 19. Bf1 b5 20. Ne3 Bb6 21. Bd2 Rhc8 22. Rac1 e5 23. Bb4+ Ke8 24. Bc5 Bxc5 25. Nxc5 Be6 26. g3 Nh3+ 27. Bxh3 Bxh3 28. Nxa6 Rxc1 29. Rxc1 Rb7 30. Rc7 Rb6 31. Nb4 Be6 32. Kf2 Kd8 33. Rc5 Rb8 34. Nc6+ Kc7 35. Nxb8+ Kxb8 36. Rxb5+ Kc7 37. Rxe5 Kd6 38. Ra5 Nd7 39. a3 Kc7 40. Ke2 Kb7 41. b4 Ne5 42. f4 Nc6 43. Rb5+ Kc7 44. Rc5 Kb6 45. Rxc6+ Kxc6 46. Kd3 Kb5 47. Kd4 f6 48. f5 Ba2 49. Nd5 Ka4 50. Nc3+ Kxa3 51. Nxa2 Kxa2 52. b5 Kb2 53. b6 Kc2 54. b7 Kd2 55. b8=Q Ke2 56. Qf4 g5 57. fxg6 hxg6 58. Qxf6 g5 59. e5 g4 60. e6 Ke1 61. e7 Kd1 62. Qf2 Kc1 63. Kc3 Kb1 64. Qb2# 1-0


[Site "https://www.chess.com"]

[Event "Titled Tuesday Blitz January 18 2022"]
[White "Sadhwani, Raunak"]
[Black "Le, Tuan Minh"]
[WhiteFideId "35093487"]
[BlackFideId "12401153"]
[WhiteElo "2616"]
[BlackElo "2450"]
[Result "0-1"]
[Round "10"]
[TimeControl "180+1"]
[Date "2022.01.18"]
[WhiteClock "0:00:03"]
[BlackClock "0:00:07"]

1. e4 c5 2. Nf3 Nf6 3. Nc3 d5 4. exd5 Nxd5 5. Bb5+ Bd7 6. Qe2 Nb4 7. Bxd7+ Qxd7 8. d3 N8c6 9. a3 Nd5 10. Bd2 e6 11. Nxd5 Qxd5 12. Bc3 Be7 13. Qe4 O-O 14. O-O-O Rfd8 15. h4 b5 16. Ng5 Qxe4 17. dxe4 b4 18. axb4 cxb4 19. Bd2 a5 20. Nf3 a4 21. Bg5 f6 22. Rxd8+ Rxd8 23. Be3 a3 24. Kb1 h5 25. Re1 Kf7 26. Nd2 Ne5 27. f3 axb2 28. Kxb2 Bc5 29. Kc1 Bxe3 30. Rxe3 g5 31. hxg5 fxg5 32. Rb3 Rd4 33. Re3 Kf6 34. Nb3 Rd8 35. g3 Rh8 36. Nc5 h4 37. gxh4 gxh4 38. f4 Ng4 39. Rh3 Nf2 40. Rh2 h3 41. Nd7+ Kg7 42. Ne5 Nxe4 43. Kd1 Kf6 44. Ke2 Kf5 45. Ke3 Nc3 46. Kf3 Nb5 47. Nd3 Nd4+ 48. Ke3 Nxc2+ 49. Kd2 b3 50. Kc3 Ne3 51. Nf2 Ng4 52. Rxh3 Rc8+ 53. Kxb3 Nxf2 0-1


[Site "https://www.chess.com"]

[Event "Titled Tuesday Blitz January 18 2022"]
[White "Salinas Herrera, Pablo"]
[Black "Csonka, Balazs"]
[WhiteFideId "3407128"]
[BlackFideId "742910"]
[WhiteElo "2541"]
[BlackElo "2404"]
[Result "1-0"]
[Round "10"]
[TimeControl "180+1"]
[Date "2022.01.18"]
[WhiteClock "0:01:05"]
[BlackClock "0:00:04"]

1. e4 e6 2. d4 d5 3. Nc3 Nf6 4. Bd3 c5 5. Nf3 cxd4 6. Nxd4 Nc6 7. Bb5 Bd7 8. exd5 Nxd4 9. Bxd7+ Qxd7 10. Qxd4 Nxd5 11. Nxd5 Qxd5 12. Qxd5 exd5 13. Be3 Kd7 14. O-O-O Kc6 15. Rd3 Bb4 16. Rhd1 Rhd8 17. c4 d4 18. Bxd4 f6 19. Be3 Rxd3 20. Rxd3 a6 21. Kc2 Re8 22. a3 Bd6 23. h3 h5 24. Rd5 g6 25. Kd3 f5 26. b4 Re4 27. f3 Re8 28. Bd2 b5 29. Rd4 Be5 30. Rd5 Bg3 31. Rc5+ Kb6 32. cxb5 axb5 33. Be3 Rd8+ 34. Bd4 Ka6 35. Rc6+ Kb7 36. Rb6+ Kc7 37. Rxb5 Bf2 38. Rc5+ Kb6 39. Rc4+ Kb5 40. Kc3 Be1+ 41. Kb3 Re8 42. Rc5+ Ka6 43. Rc6+ Kb7 44. Rxg6 1-0


[Site "https://www.chess.com"]